 Dungeon Crawl Stone Soup version 0.21-a0-349-g0c35859 (webtiles) character file.

139882 tidbits the Infuser (level 16, -10/127 HPs)
             Began as a Gnoll Skald on Oct 8, 2017.
             Was the Champion of Makhleb.
             Mangled by a salamander
             ... wielding a +0 trident
              (14 damage)
             ... on level 4 of the Snake Pit.
             The game lasted 02:16:40 (9946 turns).

tidbits the Infuser (Gnoll Skald)                   Turns: 9946, Time: 02:16:40

Health: -10/127    AC: 15    Str: 14    XL:     16   Next: 99%
Magic:  30/32      EV: 22    Int: 18    God:    Makhleb [******]
Gold:   1673       SH: 12    Dex: 19    Spells: 1/39 levels left

rFire    . . .     SeeInvis .   a - +9 hand axe (elec)
rCold    . . .     Gourm    .   D - +0 shield
rNeg     . . .     Faith    .   B - +0 troll leather armour
rPois    +         Spirit   .   E - +0 helmet
rElec    .         Reflect  .   C - +2 cloak
rCorr    .         Harm     .   G - +0 pair of gloves
MR       +....     Rnd*Rage +   F - +0 pair of boots
Stlth    +++++.....             R - amulet of regeneration
HPRegen  1.11/turn              P - ring of poison resistance
MPRegen  0.23/turn              V - +4 ring of evasion

@: singing, constricted
A: distributed training, fangs 1, berserk 1, shaggy fur 1, wild magic 2, strong
nose
}: 1/15 runes: decaying
a: Minor Destruction, Lesser Servant of Makhleb, Major Destruction, Greater
Servant of Makhleb, Renounce Religion


You were on level 4 of the Snake Pit.
You worshipped Makhleb.
Makhleb was exalted by your worship.
You were very full.

You visited 6 branches of the dungeon, and saw 30 of its levels.
You also visited: Labyrinth, Ossuary and Ice Cave.

You collected 1961 gold pieces.
You spent 288 gold pieces at shops.

Inventory:

Hand Weapons
 a - a +9 hand axe of electrocution (weapon)
   (You took it off an orc on level 2 of the Dungeon)
 g - the +8 mace "Gnoll's Bane" {crush, SInv}
   (You found it on level 3 of the Lair of Beasts)

   It inflicts extra damage upon your enemies.
   It lets you see invisible.
 i - a +0 broad axe of draining
   (You took it off an orc on level 7 of the Dungeon)
 T - a +3 broad axe of freezing
   (You took it off a naga warrior on level 2 of the Snake Pit)
Missiles
 p - a throwing net {!f}
 s - 305 arrows
 H - 32 tomahawks (quivered)
Armour
 B - a +0 troll leather armour (worn)
 C - a +2 cloak (worn)
 D - a +0 shield (worn)
 E - a +0 helmet (worn)
 F - a +0 pair of boots (worn)
 G - a +0 pair of gloves (worn)
Magical Staves
 e - an uncursed staff of energy {!a}
   (You found it on level 6 of the Lair of Beasts)
Jewellery
 K - an uncursed ring of resist corrosion
   (You found it on level 3 of the Swamp)
 L - an uncursed ring of flight
   (You found it in an ice cave)
 P - a ring of poison resistance (left hand)
   (You found it on level 3 of the Dungeon)
 R - an amulet of regeneration (around neck)
   (You found it on level 7 of the Dungeon)
 U - a +3 ring of protection
   (You found it in an ice cave)
 V - a +4 ring of evasion (right hand)
   (You took it off a minotaur in a labyrinth)
Wands
 d - a wand of paralysis (7/24)
 j - a wand of iceblast (5/15)
 q - a wand of enslavement (6/24)
 y - a wand of iceblast (9/15)
 N - a wand of lightning (3/15)
Scrolls
 h - a scroll of vulnerability
 l - 2 scrolls of immolation
 m - 10 scrolls of teleportation
 o - a scroll of identify
 r - 5 scrolls of remove curse
 t - 4 scrolls of amnesia
 x - a scroll of fear
 M - a scroll of fog
 O - 3 scrolls of magic mapping
 X - 3 scrolls of recharging
Potions
 f - 2 potions of flight
 k - 5 potions of curing
 n - 6 potions of lignification
 u - 3 potions of agility
 v - a potion of cancellation
 w - a potion of ambrosia
 z - 2 potions of brilliance
 A - 2 potions of might
 W - 2 potions of magic
 Y - a potion of invisibility
Books
 J - a book of the Earth
   (You found it in a labyrinth)

   Spells                             Type                      Level
   a - Leda's Liquefaction            Hexes/Earth                  4
   b - Bolt of Magma                  Conjuration/Fire/Earth       5
   c - Statue Form                    Transmutation/Earth          6
   d - Iron Shot                      Conjuration/Earth            6
   e - Shatter                        Earth                        9
Miscellaneous
 b - a phantom mirror
 Q - a lightning rod (4/4)
 Z - a box of beasts
Comestibles
 c - 9 meat rations
 S - 7 bread rations


   Skills:
 + Level 11.8 Fighting
 + Level 11.0 Short Blades
 + Level 11.0 Long Blades
 + Level 11.8 Axes
 + Level 11.0 Maces & Flails
 + Level 11.0 Polearms
 + Level 11.0 Staves
 + Level 11.0 Slings
 + Level 11.0 Bows
 + Level 11.0 Crossbows
 + Level 11.0 Throwing
 + Level 11.3 Armour
 + Level 11.8 Dodging
 + Level 11.0 Stealth
 + Level 11.0 Shields
 + Level 11.0 Unarmed Combat
 + Level 12.0 Spellcasting
 + Level 11.0 Conjurations
 + Level 11.0 Hexes
 + Level 12.5 Charms
 + Level 11.0 Summonings
 + Level 11.0 Necromancy
 + Level 11.0 Translocations
 + Level 11.0 Transmutations
 + Level 11.0 Fire Magic
 + Level 11.0 Ice Magic
 + Level 11.0 Air Magic
 + Level 11.0 Earth Magic
 + Level 11.0 Poison Magic
 + Level 11.0 Invocations
 + Level 11.0 Evocations


You had one spell level left.
You knew the following spells:

 Your Spells              Type           Power        Failure   Level  Hunger
a - Apportation           Tloc           ######       1%          1    None
d - Death Channel         Necr           ######....   36%         6    ######.
n - Animate Skeleton      Necr           N/A          1%          1    None
p - Passage of Golubria   Tloc           N/A          4%          4    ##.....
r - Regeneration          Chrm/Necr      ######....   1%          3    None
s - Statue Form           Tmut/Erth      ######...    36%         6    ######.
t - Passwall              Tmut/Erth      ######....   1%          2    None
u - Control Undead        Necr           ######....   4%          4    ##.....
w - Spectral Weapon       Hex/Chrm       ######..     1%          3    None
y - Song of Slaying       Chrm           ######..     1%          2    None
N - Animate Dead          Necr           N/A          4%          4    ##.....
W - Swiftness             Chrm/Air       ######..     1%          2    None


Dungeon Overview and Level Annotations

Branches:
Dungeon (13/15)            Temple (1/1) D:5            Lair (6/6) D:8
  Swamp (4/4) Lair:3        Snake (4/4) Lair:2        Slime (0/5) Lair:5
    Orc (2/2) D:12            Elf (0/3) Orc:2
 Vaults: D:13-14

Altars:
Kikubaaqudgha
Makhleb
Nemelex Xobeh
Xom
Yredelemnul
Zin
The Shining One
Beogh

Shops:
D:4 [   D:6 *   D:8 %   Orc:2 *:[   Snake:3 }=}


Innate Abilities, Weirdness & Mutations

Your experience applies equally to all skills.
You have very sharp teeth.
Your uncanny sense of smell can sniff out nearby items.
You tend to lose your temper in combat.
You are covered in fur. (AC +1)
Your spells are harder to cast, but more powerful.


Message History

The naga sharpshooter magically shoots an arrow.
The arrow completely misses you. You block the nagaraja's attack. x2
A naga, a naga warrior and a naga mage come into view.
The naga warrior is wielding a dire flail of venom.
Unknown command.
Okay, then.
You barely miss the nagaraja.
The nagaraja is moderately wounded.
You closely miss the naga warrior.
You feel sick.
* * * LOW HITPOINT WARNING * * *
The naga ritualist's toxic aura wanes.
Your spectral weapon hits the nagaraja but does no damage.
The nagaraja spits poison at you. The splash of poison misses you.
The splash of poison hits the salamander.
The salamander appears unharmed.
Your smoke demon barely misses the nagaraja.
Your smoke demon hits the nagaraja but does no damage.
Your smoke demon hits the nagaraja.
The naga sharpshooter casts a spell.
The naga sharpshooter magically shoots an arrow.
The arrow hits you.
* * * LOW HITPOINT WARNING * * *
The naga warrior hits your smoke demon with a hand axe!
The naga warrior moves out of view.
The naga warrior hits you with a dire flail.
* * * LOW HITPOINT WARNING * * *
You block the naga warrior's attack.
Unknown command.
You slash the nagaraja! You bite the nagaraja.
The nagaraja is heavily wounded.
You hit the naga warrior but do no damage.
Lightning courses through the naga warrior!
You feel sick.
You hear a shout!
Your spectral weapon hits the nagaraja!
The nagaraja misses your spectral weapon.
Your smoke demon closely misses the nagaraja.
Your smoke demon hits the nagaraja.
Your smoke demon hits the nagaraja but does no damage.
The nagaraja barely misses your smoke demon.
The naga warrior closely misses your smoke demon.
You block the salamander's attack.
The naga warrior hits you with a dire flail!
* * * LOW HITPOINT WARNING * * *
You block the naga warrior's attack.
The nagaraja gestures wildly while chanting.
The nagaraja seems to speed up.
Your smoke demon barely misses the nagaraja.
Your smoke demon closely misses the nagaraja.
Your smoke demon hits the nagaraja but does no damage.
A naga mage comes into view. It is wielding a flail.
Unknown command.
You hit the nagaraja.
The nagaraja is severely wounded.
You hit the naga warrior.
Lightning courses through the naga warrior!
You feel sick.
Your spectral weapon hits the nagaraja.
The nagaraja gestures at your spectral weapon while chanting.
The orb of energy hits your spectral weapon.
Your spectral weapon shares its damage with you!
The orb of energy explodes!
The mystic blast hits you!
* * * LOW HITPOINT WARNING * * *
The mystic blast hits your smoke demon.
Your smoke demon dies!
* * * LOW HITPOINT WARNING * * *
The salamander misses you.
The nagaraja closely misses your spectral weapon.
The naga warrior completely misses you.
The naga warrior misses you. 2 naga warriors come into view.
Unknown command.
Okay, then.
Okay, then.
You slice the nagaraja!! Lightning courses through the nagaraja!
You kill the nagaraja!
Makhleb accepts your kill.
Your Spellcasting skill increases to level 12!
You closely miss the naga warrior. x2; You feel sick.
The naga mage mumbles some strange words.
The naga mage seems to speed up.
You block the salamander's attack. The anaconda grabs you.
The anaconda completely misses you.
* * * LOW HITPOINT WARNING * * *
The anaconda constricts you. The naga warrior misses you.
The naga warrior closely misses your spectral weapon.
The naga warrior hits you but does no damage.
The naga ritualist gestures wildly while chanting.
The naga ritualist begins to radiate toxic energy.
A naga warrior comes into view. It is wielding a trident.
Unknown command.
Evoke which item? (* to show all) (? for menu, Esc to quit)
Okay, then.
You feel better.
You feel yourself speed up. The anaconda bites you.
* * * LOW HITPOINT WARNING * * *
x2 The anaconda constricts you.
The anaconda bites you.
* * * LOW HITPOINT WARNING * * *
The anaconda constricts you.
The salamander hits you from afar with a trident!
You die...

### .....N...# ...
.....#N.# # ...
........# # ....
.N..N.. # ..... NN).N.
# #...##NNN# #
#....NSN# #### #
#...)(@# #... #
#.)....########.##+## #
#.)...N..(......#...###
######N....%....#.....#
#..........#..[#
#..........#.).#..
####N.[...........###
#.............#......
.##...................


You could see 7 naga warriors, a nagaraja, a naga sharpshooter, a salamander, an
anaconda, a naga ritualist, 3 naga magi, a naga and a friendly spectral hand axe
of electrocution.

Vanquished Creatures
  A tentacled monstrosity (Swamp:2)
  3 thorn hunters
  2 nagarajas
  An orc warlord (Orc:2)
  A minotaur (Lab)
  Josephine (Orc:1)
  4 slime creatures
  9 hydras
  4 ghost crabs
  11 naga warriors
  2 catoblepae (Lair:6)
  5 anacondas
  7 alligators
  6 two-headed ogres
  10 death yaks
  2 orc high priests (Orc:2)
  2 naga sharpshooters (Snake:4)
  6 shock serpents
  A salamander mystic (Snake:3)
  2 spriggan druids
  8 swamp dragons
  4 shambling mangroves
  5 orc knights
  Pikel (D:9)
  2 orc sorcerers
  2 manticores (Lair:6)
  A cyclops (Orc:2)
  3 ugly things
  5 mana vipers
  5 salamanders
  An oklob plant (Lair:1)
  8 black mambas
  Psyche (D:8)
  6 elephants
  11 spiny frogs
  3 ice statues (IceCv)
  2 gargoyles (Lab)
  A torpor snail (Lair:5)
  6 guardian serpents
  12 naga magi
  A rime drake (Lair:6)
  2 komodo dragons
  2 trolls
  2 polar bears (Lair:4)
  10 hornets
  5 tyrant leeches
  4 hippogriffs
  2 dream sheep (Lair:5)
  6 bog bodies
  11 blink frogs
  2 shadows
  4 spriggans
  A redback (Lab)
  3 wraiths
  2 wyverns
  Grum (D:8)
  41 yaks
  A basilisk (D:10)
  2 hungry ghosts
  9 vampire mosquitoes
  3 wargs (Orc:2)
  5 insubstantial wisps (Swamp:2)
  26 nagas
  10 water moccasins
  11 swamp worms
  8 porcupines
  21 orc warriors
  A hornet zombie (D:11)
  3 sky beasts
  8 swamp drakes (Swamp:4)
  10 ice beasts
  3 slaves (D:9)
  A black bear (D:8)
  A necrophage (Lair:5)
  8 ogres
  3 boggarts (Lair:4)
  28 wolves
  5 centaurs (D:11)
  11 crocodiles
  12 bullfrogs
  3 water moccasin zombies (Ossuary)
  A scorpion (D:8)
  3 wights (D:10)
  5 killer bees (D:7)
  An electric eel (Lair:1)
  A howler monkey (D:4)
  A crimson imp (D:10)
  A centaur zombie (D:10)
  9 hounds
  2 jellies
  3 centaur skeletons
  11 orc wizards
  2 bullfrog skeletons
  14 orc priests
  Crazy Yiuf (D:6)
  3 iguanas
  7 worker ants
  A big kobold zombie (Ossuary)
  A hound skeleton (D:4)
  2 mummies (Ossuary)
  Robin (D:3)
  4 gnolls (D:6)
  12 adders
  2 shadow imps
  12 white imps (Lair:1)
  An ooze (D:3)
  9 adder zombies (Ossuary)
  A worm (D:2)
  2 dart slugs
  3 leopard geckos
  49 orcs
  3 ball pythons
  3 giant cockroaches
  A gnoll zombie (Ossuary)
  18 goblins
  7 hobgoblins
  6 jackals
  4 quokkas
  5 bats
  3 frilled lizards
  3 hobgoblin zombies (Ossuary)
  A jackal skeleton (D:5)
  4 kobolds (D:1)
  7 kobold zombies (Ossuary)
  A leopard gecko skeleton (D:6)
  An orc zombie (Ossuary)
  2 quokka skeletons
  2 quokka zombies (D:4)
  6 rats
  3 briar patches (Swamp:1)
  5 fungi
  2 plants (Lair:1)
711 creatures vanquished.

Vanquished Creatures (collateral kills)
  A hydra (Swamp:4)
  A catoblepas (Lair:6)
  An anaconda (Snake:2)
  2 death yaks (Lair:6)
  A swamp dragon (Swamp:4)
  An orc sorcerer (Orc:2)
  A salamander (Snake:4)
  An elephant (Lair:6)
  A naga mage (Snake:3)
  A troll (Orc:2)
  6 yaks
  A wraith (Orc:1)
  3 nagas
  A swamp drake (Swamp:4)
  2 orc warriors (Orc:2)
  5 necrophages (Lair:5)
  A boggart (Lair:4)
  A wolf (Lair:2)
  A centaur (D:11)
  An orc (Orc:2)
  3 fungi (Lair:6)
36 creatures vanquished.

Vanquished Creatures (others)
  A thorn hunter (Swamp:1)
  A lindwurm (Swamp:4)
  An orc knight (Orc:2)
  A naga mage (Snake:4)
  An orc warrior (Orc:2)
  A swamp drake (Swamp:2)
  3 briar patches (Swamp:1)
  6 fungi
  2 plants (Lair:3)
  23 spectral weapons
40 creatures vanquished.

Grand Total: 787 creatures vanquished

Notes
Turn   | Place    | Note
-------+----------+-------------------------------------------
     0 | D:1      | tidbits the Gnoll Skald began the quest for the Orb.
     0 | D:1      | Reached XP level 1. HP: 20/20 MP: 6/6
    36 | D:1      | Reached XP level 2. HP: 23/26 MP: 0/7
    50 | D:1      | Learned a level 2 spell: Song of Slaying
    53 | D:1      | Learned a level 2 spell: Shroud of Golubria
   236 | D:2      | Reached XP level 3. HP: 28/31 MP: 9/9
   257 | D:1      | Reached skill level 1 in Short Blades
   257 | D:1      | Reached skill level 1 in Long Blades
   257 | D:1      | Reached skill level 1 in Maces & Flails
   257 | D:1      | Reached skill level 1 in Polearms
   257 | D:1      | Reached skill level 1 in Staves
   257 | D:1      | Reached skill level 1 in Slings
   257 | D:1      | Reached skill level 1 in Bows
   257 | D:1      | Reached skill level 1 in Crossbows
   257 | D:1      | Reached skill level 1 in Throwing
   257 | D:1      | Reached skill level 1 in Stealth
   257 | D:1      | Reached skill level 1 in Shields
   257 | D:1      | Reached skill level 1 in Unarmed Combat
   257 | D:1      | Reached skill level 5 in Spellcasting
   257 | D:1      | Reached skill level 1 in Conjurations
   257 | D:1      | Reached skill level 1 in Hexes
   257 | D:1      | Reached skill level 1 in Summonings
   257 | D:1      | Reached skill level 1 in Necromancy
   257 | D:1      | Reached skill level 1 in Translocations
   257 | D:1      | Reached skill level 1 in Transmutations
   257 | D:1      | Reached skill level 1 in Fire Magic
   257 | D:1      | Reached skill level 1 in Ice Magic
   257 | D:1      | Reached skill level 1 in Air Magic
   257 | D:1      | Reached skill level 1 in Earth Magic
   257 | D:1      | Reached skill level 1 in Poison Magic
   257 | D:1      | Reached skill level 1 in Invocations
   257 | D:1      | Reached skill level 1 in Evocations
   263 | D:1      | Learned a level 3 spell: Regeneration
   268 | D:1      | Learned a level 3 spell: Spectral Weapon
   375 | D:2      | Reached XP level 4. HP: 14/38 MP: 0/11
   375 | D:2      | HP: 1/38 [orc priest/falchion (6)]
   487 | D:2      | Found a basalt altar of Yredelemnul.
   508 | D:2      | Reached XP level 5. HP: 40/43 MP: 3/12
   756 | D:3      | Noticed Robin
   758 | D:3      | Reached skill level 3 in Armour
   765 | D:3      | Killed Robin
   841 | D:4      | Noticed an ogre
   872 | D:3      | Found an ancient bone altar of Kikubaaqudgha.
   877 | D:3      | Noticed a sky beast
   894 | D:3      | Killed a sky beast
   894 | D:3      | Reached XP level 6. HP: 25/50 MP: 10/14
   967 | D:3      | Reached skill level 5 in Fighting
   967 | D:3      | Reached skill level 5 in Axes
   967 | D:3      | Reached skill level 5 in Dodging
   974 | D:3      | Reached skill level 2 in Short Blades
   974 | D:3      | Reached skill level 2 in Long Blades
   974 | D:3      | Reached skill level 2 in Maces & Flails
   974 | D:3      | Reached skill level 2 in Polearms
   974 | D:3      | Reached skill level 2 in Staves
   974 | D:3      | Reached skill level 2 in Slings
   974 | D:3      | Reached skill level 2 in Bows
   974 | D:3      | Reached skill level 2 in Crossbows
   974 | D:3      | Reached skill level 2 in Throwing
   974 | D:3      | Reached skill level 2 in Stealth
   974 | D:3      | Reached skill level 2 in Shields
   974 | D:3      | Reached skill level 2 in Unarmed Combat
   974 | D:3      | Reached skill level 2 in Conjurations
   974 | D:3      | Reached skill level 2 in Hexes
   974 | D:3      | Reached skill level 2 in Summonings
   974 | D:3      | Reached skill level 2 in Necromancy
   974 | D:3      | Reached skill level 2 in Translocations
   974 | D:3      | Reached skill level 2 in Transmutations
   974 | D:3      | Reached skill level 2 in Fire Magic
   974 | D:3      | Reached skill level 2 in Ice Magic
   974 | D:3      | Reached skill level 2 in Air Magic
   974 | D:3      | Reached skill level 2 in Earth Magic
   974 | D:3      | Reached skill level 2 in Poison Magic
   974 | D:3      | Reached skill level 2 in Invocations
   974 | D:3      | Reached skill level 2 in Evocations
  1037 | D:4      | Reached XP level 7. HP: 56/56 MP: 6/15
  1046 | D:4      | Found Iqukie's Armour Boutique.
  1080 | D:4      | Reached skill level 7 in Charms
  1106 | D:4      | Found a sparkling altar of Nemelex Xobeh.
  1266 | D:4      | Found a sand-covered staircase.
  1286 | Ossuary  | Entered an ossuary
  1318 | Ossuary  | Reached XP level 8. HP: 61/63 MP: 8/16
  1368 | Ossuary  | Reached skill level 4 in Armour
  1379 | Ossuary  | Reached skill level 3 in Short Blades
  1379 | Ossuary  | Reached skill level 3 in Long Blades
  1379 | Ossuary  | Reached skill level 3 in Maces & Flails
  1379 | Ossuary  | Reached skill level 3 in Polearms
  1379 | Ossuary  | Reached skill level 3 in Staves
  1379 | Ossuary  | Reached skill level 3 in Slings
  1379 | Ossuary  | Reached skill level 3 in Bows
  1379 | Ossuary  | Reached skill level 3 in Crossbows
  1379 | Ossuary  | Reached skill level 3 in Throwing
  1379 | Ossuary  | Reached skill level 3 in Stealth
  1379 | Ossuary  | Reached skill level 3 in Shields
  1379 | Ossuary  | Reached skill level 3 in Unarmed Combat
  1379 | Ossuary  | Reached skill level 3 in Conjurations
  1379 | Ossuary  | Reached skill level 3 in Hexes
  1379 | Ossuary  | Reached skill level 3 in Summonings
  1379 | Ossuary  | Reached skill level 3 in Necromancy
  1379 | Ossuary  | Reached skill level 3 in Translocations
  1379 | Ossuary  | Reached skill level 3 in Transmutations
  1379 | Ossuary  | Reached skill level 3 in Fire Magic
  1379 | Ossuary  | Reached skill level 3 in Ice Magic
  1379 | Ossuary  | Reached skill level 3 in Air Magic
  1379 | Ossuary  | Reached skill level 3 in Earth Magic
  1379 | Ossuary  | Reached skill level 3 in Poison Magic
  1379 | Ossuary  | Reached skill level 3 in Invocations
  1379 | Ossuary  | Reached skill level 3 in Evocations
  1490 | D:5      | Entered Level 5 of the Dungeon
  1515 | D:5      | Found a staircase to the Ecumenical Temple.
  1520 | Temple   | Entered the Ecumenical Temple
  1524 | Temple   | Became a worshipper of Makhleb the Destroyer
  1738 | D:6      | Found a runed door.
  1743 | D:6      | Noticed Crazy Yiuf
  1748 | D:6      | Killed Crazy Yiuf
  1798 | D:6      | Reached skill level 6 in Spellcasting
  1870 | D:6      | Found Wideul's Assorted Antiques.
  1884 | D:6      | Bought a scroll labeled MAROEMPU DUEBB for 33 gold pieces
  1884 | D:6      | Bought a scroll labeled ZOMANK QUET for 33 gold pieces
  1884 | D:6      | Bought a short gold wand for 132 gold pieces
  2102 | D:7      | Reached * piety under Makhleb
  2181 | D:7      | Reached XP level 9. HP: 65/69 MP: 15/18
  2254 | D:7      | Reached skill level 6 in Fighting
  2254 | D:7      | Reached skill level 6 in Axes
  2254 | D:7      | Reached skill level 6 in Dodging
  2287 | D:8      | Noticed a troll
  2318 | D:8      | Found a shimmering altar of Xom.
  2360 | D:8      | Noticed a two-headed ogre
  2361 | D:8      | Noticed Grum
  2363 | D:8      | Reached skill level 4 in Short Blades
  2363 | D:8      | Reached skill level 4 in Long Blades
  2363 | D:8      | Reached skill level 4 in Maces & Flails
  2363 | D:8      | Reached skill level 4 in Polearms
  2363 | D:8      | Reached skill level 4 in Staves
  2363 | D:8      | Reached skill level 4 in Slings
  2363 | D:8      | Reached skill level 4 in Bows
  2363 | D:8      | Reached skill level 4 in Crossbows
  2363 | D:8      | Reached skill level 4 in Throwing
  2363 | D:8      | Reached skill level 4 in Stealth
  2363 | D:8      | Reached skill level 4 in Shields
  2363 | D:8      | Reached skill level 4 in Unarmed Combat
  2363 | D:8      | Reached skill level 4 in Conjurations
  2363 | D:8      | Reached skill level 4 in Hexes
  2363 | D:8      | Reached skill level 4 in Summonings
  2363 | D:8      | Reached skill level 4 in Necromancy
  2363 | D:8      | Reached skill level 4 in Translocations
  2363 | D:8      | Reached skill level 4 in Transmutations
  2363 | D:8      | Reached skill level 4 in Fire Magic
  2363 | D:8      | Reached skill level 4 in Ice Magic
  2363 | D:8      | Reached skill level 4 in Air Magic
  2363 | D:8      | Reached skill level 4 in Earth Magic
  2363 | D:8      | Reached skill level 4 in Poison Magic
  2363 | D:8      | Reached skill level 4 in Invocations
  2363 | D:8      | Reached skill level 4 in Evocations
  2379 | D:8      | Killed Grum
  2379 | D:8      | Reached skill level 5 in Armour
  2381 | D:8      | Killed a two-headed ogre
  2381 | D:8      | Reached skill level 8 in Charms
  2385 | D:8      | Reached ** piety under Makhleb
  2385 | D:8      | Reached skill level 7 in Spellcasting
  2385 | D:8      | Reached XP level 10. HP: 77/77 MP: 11/20
  2399 | D:8      | Reached skill level 5 in Short Blades
  2399 | D:8      | Reached skill level 5 in Long Blades
  2399 | D:8      | Reached skill level 5 in Maces & Flails
  2399 | D:8      | Reached skill level 5 in Polearms
  2399 | D:8      | Reached skill level 5 in Staves
  2399 | D:8      | Reached skill level 5 in Slings
  2399 | D:8      | Reached skill level 5 in Bows
  2399 | D:8      | Reached skill level 5 in Crossbows
  2399 | D:8      | Reached skill level 5 in Throwing
  2399 | D:8      | Reached skill level 5 in Stealth
  2399 | D:8      | Reached skill level 5 in Shields
  2399 | D:8      | Reached skill level 5 in Unarmed Combat
  2399 | D:8      | Reached skill level 5 in Conjurations
  2399 | D:8      | Reached skill level 5 in Hexes
  2399 | D:8      | Reached skill level 5 in Summonings
  2399 | D:8      | Reached skill level 5 in Necromancy
  2399 | D:8      | Reached skill level 5 in Translocations
  2399 | D:8      | Reached skill level 5 in Transmutations
  2399 | D:8      | Reached skill level 5 in Fire Magic
  2399 | D:8      | Reached skill level 5 in Ice Magic
  2399 | D:8      | Reached skill level 5 in Air Magic
  2399 | D:8      | Reached skill level 5 in Earth Magic
  2399 | D:8      | Reached skill level 5 in Poison Magic
  2399 | D:8      | Reached skill level 5 in Invocations
  2399 | D:8      | Reached skill level 5 in Evocations
  2435 | D:8      | Found Mischepn's Food Emporium.
  2440 | D:8      | Noticed a two-headed ogre
  2448 | D:8      | Noticed a two-headed ogre
  2448 | D:8      | Killed a two-headed ogre
  2448 | D:8      | Reached skill level 7 in Fighting
  2448 | D:8      | Reached skill level 7 in Axes
  2448 | D:8      | Reached skill level 7 in Dodging
  2457 | D:8      | Killed a two-headed ogre
  2457 | D:8      | Reached skill level 6 in Armour
  2492 | D:8      | Found a staircase to the Lair.
  2532 | D:8      | Noticed Psyche
  2541 | D:8      | Killed Psyche
  2616 | D:9      | Noticed Pikel
  2627 | D:9      | Killed Pikel
  2638 | D:10     | Entered Level 10 of the Dungeon
  2679 | D:10     | Reached XP level 11. HP: 81/84 MP: 18/22
  2754 | D:10     | Learned a level 4 spell: Control Undead
  2758 | D:10     | Noticed a two-headed ogre
  2773 | D:10     | Killed a two-headed ogre
  2885 | D:11     | Got a spiked ring mail
  2912 | D:11     | Noticed a white ugly thing
  2919 | D:11     | Killed a white ugly thing
  2919 | D:11     | Reached skill level 6 in Short Blades
  2919 | D:11     | Reached skill level 6 in Long Blades
  2919 | D:11     | Reached skill level 6 in Maces & Flails
  2919 | D:11     | Reached skill level 6 in Polearms
  2919 | D:11     | Reached skill level 6 in Staves
  2919 | D:11     | Reached skill level 6 in Slings
  2919 | D:11     | Reached skill level 6 in Bows
  2919 | D:11     | Reached skill level 6 in Crossbows
  2919 | D:11     | Reached skill level 6 in Throwing
  2919 | D:11     | Reached skill level 6 in Stealth
  2919 | D:11     | Reached skill level 6 in Shields
  2919 | D:11     | Reached skill level 6 in Unarmed Combat
  2919 | D:11     | Reached skill level 6 in Conjurations
  2919 | D:11     | Reached skill level 6 in Hexes
  2919 | D:11     | Reached skill level 9 in Charms
  2919 | D:11     | Reached skill level 6 in Summonings
  2919 | D:11     | Reached skill level 6 in Necromancy
  2919 | D:11     | Reached skill level 6 in Translocations
  2919 | D:11     | Reached skill level 6 in Transmutations
  2919 | D:11     | Reached skill level 6 in Fire Magic
  2919 | D:11     | Reached skill level 6 in Ice Magic
  2919 | D:11     | Reached skill level 6 in Air Magic
  2919 | D:11     | Reached skill level 6 in Earth Magic
  2919 | D:11     | Reached skill level 6 in Poison Magic
  2919 | D:11     | Reached skill level 6 in Invocations
  2919 | D:11     | Reached skill level 6 in Evocations
  2926 | D:11     | Learned a level 4 spell: Animate Dead
  3112 | D:10     | Reached *** piety under Makhleb
  3138 | D:12     | Reached skill level 8 in Spellcasting
  3158 | D:12     | Noticed a cyan ugly thing
  3164 | D:12     | Found a labyrinth entrance.
  3188 | D:12     | Learned a level 2 spell: Swiftness
  3189 | Lab      | Entered a labyrinth
  3309 | Lab      | Noticed a minotaur
  3322 | Lab      | Killed a minotaur
  3324 | Lab      | Got an ichor-stained plate armour
  3332 | Lab      | Got a distressingly furry plate armour
  3346 | D:12     | Learned a level 2 spell: Passwall
  3356 | D:12     | Found a staircase to the Orcish Mines.
  3370 | Orc:1    | Entered Level 1 of the Orcish Mines
  3428 | Orc:1    | Noticed Josephine
  3437 | Orc:1    | Killed Josephine
  3437 | Orc:1    | Reached skill level 8 in Fighting
  3437 | Orc:1    | Reached skill level 8 in Axes
  3437 | Orc:1    | Reached skill level 7 in Armour
  3437 | Orc:1    | Reached skill level 8 in Dodging
  3447 | Orc:1    | Noticed an orc sorcerer
  3448 | Orc:1    | Noticed an orc knight
  3457 | Orc:1    | Killed an orc sorcerer
  3462 | Orc:1    | Killed an orc knight
  3649 | Orc:2    | Entered Level 2 of the Orcish Mines
  3649 | Orc:2    | Found a roughly hewn altar of Beogh.
  3649 | Orc:2    | Noticed a cyclops
  3657 | Orc:2    | Killed a cyclops
  3657 | Orc:2    | Reached XP level 12. HP: 75/93 MP: 20/24
  3687 | Orc:2    | Reached **** piety under Makhleb
  3745 | Orc:2    | Found Meclamih's Antique Weapon Boutique.
  3865 | Orc:2    | Reached skill level 7 in Short Blades
  3865 | Orc:2    | Reached skill level 7 in Long Blades
  3865 | Orc:2    | Reached skill level 7 in Maces & Flails
  3865 | Orc:2    | Reached skill level 7 in Polearms
  3865 | Orc:2    | Reached skill level 7 in Staves
  3865 | Orc:2    | Reached skill level 7 in Slings
  3865 | Orc:2    | Reached skill level 7 in Bows
  3865 | Orc:2    | Reached skill level 7 in Crossbows
  3865 | Orc:2    | Reached skill level 7 in Throwing
  3865 | Orc:2    | Reached skill level 7 in Stealth
  3865 | Orc:2    | Reached skill level 7 in Shields
  3865 | Orc:2    | Reached skill level 7 in Unarmed Combat
  3865 | Orc:2    | Reached skill level 7 in Conjurations
  3865 | Orc:2    | Reached skill level 7 in Hexes
  3865 | Orc:2    | Reached skill level 7 in Summonings
  3865 | Orc:2    | Reached skill level 7 in Necromancy
  3865 | Orc:2    | Reached skill level 7 in Translocations
  3865 | Orc:2    | Reached skill level 7 in Transmutations
  3865 | Orc:2    | Reached skill level 7 in Fire Magic
  3865 | Orc:2    | Reached skill level 7 in Ice Magic
  3865 | Orc:2    | Reached skill level 7 in Air Magic
  3865 | Orc:2    | Reached skill level 7 in Earth Magic
  3865 | Orc:2    | Reached skill level 7 in Poison Magic
  3865 | Orc:2    | Reached skill level 7 in Invocations
  3865 | Orc:2    | Reached skill level 7 in Evocations
  3866 | Orc:2    | Found Joqoqaaj's General Store.
  3884 | Orc:2    | Bought a potion of agility for 60 gold pieces
  3884 | Orc:2    | Bought a scroll of identify for 30 gold pieces
  3940 | Orc:2    | Noticed an orc high priest
  3941 | Orc:2    | Found Pomuon's Book Emporium.
  3941 | Orc:2    | Noticed an orc high priest
  3942 | Orc:2    | Noticed an orc warlord
  3958 | Orc:2    | Noticed a soul eater
  4009 | Orc:2    | Killed an orc high priest
  4133 | Orc:2    | Reached skill level 9 in Spellcasting
  4148 | Orc:2    | Found a staircase to the Elven Halls.
  4176 | Orc:2    | Found Ahuolam's Antique Armour Emporium.
  4296 | Orc:2    | Killed an orc warlord
  4334 | Orc:2    | Learned a level 4 spell: Passage of Golubria
  4356 | Orc:2    | Killed an orc high priest
  4356 | Orc:2    | Reached skill level 8 in Armour
  4356 | Orc:2    | Reached skill level 10 in Charms
  4418 | D:12     | Gained mutation: Your magical capacity is low. (-10% MP) [mutagenic meat]
  4419 | D:12     | Gained mutation: Scrolls take you a little longer to read. [mutagenic meat]
  4511 | D:13     | Noticed a two-headed ogre
  4520 | D:13     | Killed a two-headed ogre
  4520 | D:13     | Reached skill level 9 in Fighting
  4520 | D:13     | Reached skill level 9 in Axes
  4520 | D:13     | Reached skill level 9 in Dodging
  4567 | D:12     | Reached XP level 13. HP: 101/101 MP: 17/23
  4770 | Lair:1   | Entered Level 1 of the Lair of Beasts
  4903 | Lair:1   | Reached skill level 8 in Short Blades
  4903 | Lair:1   | Reached skill level 8 in Long Blades
  4903 | Lair:1   | Reached skill level 8 in Maces & Flails
  4903 | Lair:1   | Reached skill level 8 in Polearms
  4903 | Lair:1   | Reached skill level 8 in Staves
  4903 | Lair:1   | Reached skill level 8 in Slings
  4903 | Lair:1   | Reached skill level 8 in Bows
  4903 | Lair:1   | Reached skill level 8 in Crossbows
  4903 | Lair:1   | Reached skill level 8 in Throwing
  4903 | Lair:1   | Reached skill level 8 in Stealth
  4903 | Lair:1   | Reached skill level 8 in Shields
  4903 | Lair:1   | Reached skill level 8 in Unarmed Combat
  4903 | Lair:1   | Reached skill level 8 in Conjurations
  4903 | Lair:1   | Reached skill level 8 in Hexes
  4903 | Lair:1   | Reached skill level 8 in Summonings
  4903 | Lair:1   | Reached skill level 8 in Necromancy
  4903 | Lair:1   | Reached skill level 8 in Translocations
  4903 | Lair:1   | Reached skill level 8 in Transmutations
  4903 | Lair:1   | Reached skill level 8 in Fire Magic
  4903 | Lair:1   | Reached skill level 8 in Ice Magic
  4903 | Lair:1   | Reached skill level 8 in Air Magic
  4903 | Lair:1   | Reached skill level 8 in Earth Magic
  4903 | Lair:1   | Reached skill level 8 in Poison Magic
  4903 | Lair:1   | Reached skill level 8 in Invocations
  4903 | Lair:1   | Reached skill level 8 in Evocations
  4936 | Lair:1   | Learned a level 1 spell: Apportation
  5040 | Lair:1   | Found a frozen archway.
  5047 | Lair:1   | Reached ***** piety under Makhleb
  5065 | IceCv    | Entered an ice cave
  5118 | IceCv    | HP: 4/101 [white ugly thing (34)]
  5235 | IceCv    | Got pitted ice dragon scales
  5281 | IceCv    | Identified the +3 ice dragon scales of the Hills {rF- rC++ Dex+4} (You found it in an ice cave)
  5410 | Lair:1   | Learned a level 1 spell: Animate Skeleton
  5986 | Lair:4   | Reached skill level 9 in Armour
  6038 | Lair:4   | Lost mutation: Your magical capacity is low. (-10% MP) [potion of mutation]
  6038 | Lair:4   | Lost mutation: Scrolls take you a little longer to read. [potion of mutation]
  6038 | Lair:4   | Gained mutation: You tend to lose your temper in combat. [potion of mutation]
  6038 | Lair:4   | Gained mutation: You are covered in fur. (AC +1) [potion of mutation]
  6038 | Lair:4   | Gained mutation: Your spells are a little harder to cast, but a little more powerful. [potion of mutation]
  6038 | Lair:4   | Gained mutation: Your spells are harder to cast, but more powerful. [potion of mutation]
  6132 | Lair:4   | Reached skill level 10 in Spellcasting
  6173 | Lair:4   | Reached XP level 14. HP: 109/109 MP: 25/28
  6239 | Lair:6   | Entered Level 6 of the Lair of Beasts
  6378 | Lair:6   | Reached skill level 10 in Fighting
  6378 | Lair:6   | Reached skill level 10 in Axes
  6378 | Lair:6   | Reached skill level 10 in Dodging
  6663 | Lair:6   | Reached skill level 9 in Short Blades
  6663 | Lair:6   | Reached skill level 9 in Long Blades
  6663 | Lair:6   | Reached skill level 9 in Maces & Flails
  6663 | Lair:6   | Reached skill level 9 in Polearms
  6663 | Lair:6   | Reached skill level 9 in Staves
  6663 | Lair:6   | Reached skill level 9 in Slings
  6663 | Lair:6   | Reached skill level 9 in Bows
  6663 | Lair:6   | Reached skill level 9 in Crossbows
  6663 | Lair:6   | Reached skill level 9 in Throwing
  6663 | Lair:6   | Reached skill level 9 in Stealth
  6663 | Lair:6   | Reached skill level 9 in Shields
  6663 | Lair:6   | Reached skill level 9 in Unarmed Combat
  6663 | Lair:6   | Reached skill level 9 in Conjurations
  6663 | Lair:6   | Reached skill level 9 in Hexes
  6663 | Lair:6   | Reached skill level 11 in Charms
  6663 | Lair:6   | Reached skill level 9 in Summonings
  6663 | Lair:6   | Reached skill level 9 in Necromancy
  6663 | Lair:6   | Reached skill level 9 in Translocations
  6663 | Lair:6   | Reached skill level 9 in Transmutations
  6663 | Lair:6   | Reached skill level 9 in Fire Magic
  6663 | Lair:6   | Reached skill level 9 in Ice Magic
  6663 | Lair:6   | Reached skill level 9 in Air Magic
  6663 | Lair:6   | Reached skill level 9 in Earth Magic
  6663 | Lair:6   | Reached skill level 9 in Poison Magic
  6663 | Lair:6   | Reached skill level 9 in Invocations
  6663 | Lair:6   | Reached skill level 9 in Evocations
  6676 | Lair:6   | Reached ****** piety under Makhleb
  7062 | Lair:5   | Found a staircase to the Slime Pits.
  7194 | Lair:3   | Found a staircase to the Swamp.
  7216 | Swamp:1  | Entered Level 1 of the Swamp
  7218 | Swamp:1  | Noticed a thorn hunter
  7227 | Swamp:1  | Killed a thorn hunter
  7546 | Swamp:2  | Reached XP level 15. HP: 117/117 MP: 13/29
  7556 | Swamp:2  | Noticed a tentacled monstrosity
  7574 | Swamp:2  | Killed a tentacled monstrosity
  7574 | Swamp:2  | Reached skill level 10 in Armour
  7714 | Swamp:2  | Noticed a thorn hunter
  7767 | Swamp:2  | Killed a thorn hunter
  7919 | Swamp:3  | Reached skill level 11 in Spellcasting
  7954 | Swamp:3  | Noticed a tentacled monstrosity
  7963 | Swamp:3  | Learned a level 6 spell: Statue Form
  7999 | Swamp:3  | Noticed a thorn hunter
  8008 | Swamp:3  | Killed a thorn hunter
  8021 | Swamp:4  | Entered Level 4 of the Swamp
  8198 | Swamp:4  | Reached skill level 10 in Short Blades
  8198 | Swamp:4  | Reached skill level 10 in Long Blades
  8198 | Swamp:4  | Reached skill level 10 in Maces & Flails
  8198 | Swamp:4  | Reached skill level 10 in Polearms
  8198 | Swamp:4  | Reached skill level 10 in Staves
  8198 | Swamp:4  | Reached skill level 10 in Slings
  8198 | Swamp:4  | Reached skill level 10 in Bows
  8198 | Swamp:4  | Reached skill level 10 in Crossbows
  8198 | Swamp:4  | Reached skill level 10 in Throwing
  8198 | Swamp:4  | Reached skill level 10 in Stealth
  8198 | Swamp:4  | Reached skill level 10 in Shields
  8198 | Swamp:4  | Reached skill level 10 in Unarmed Combat
  8198 | Swamp:4  | Reached skill level 10 in Conjurations
  8198 | Swamp:4  | Reached skill level 10 in Hexes
  8198 | Swamp:4  | Reached skill level 10 in Summonings
  8198 | Swamp:4  | Reached skill level 10 in Necromancy
  8198 | Swamp:4  | Reached skill level 10 in Translocations
  8198 | Swamp:4  | Reached skill level 10 in Transmutations
  8198 | Swamp:4  | Reached skill level 10 in Fire Magic
  8198 | Swamp:4  | Reached skill level 10 in Ice Magic
  8198 | Swamp:4  | Reached skill level 10 in Air Magic
  8198 | Swamp:4  | Reached skill level 10 in Earth Magic
  8198 | Swamp:4  | Reached skill level 10 in Poison Magic
  8198 | Swamp:4  | Reached skill level 10 in Invocations
  8198 | Swamp:4  | Reached skill level 10 in Evocations
  8209 | Swamp:4  | Noticed a thorn hunter
  8226 | Swamp:4  | HP: 10/152 [thorn hunter (12)]
  8233 | Swamp:4  | Killed a thorn hunter
  8238 | Swamp:4  | Reached skill level 11 in Fighting
  8238 | Swamp:4  | Reached skill level 11 in Axes
  8238 | Swamp:4  | Reached skill level 11 in Dodging
  8325 | Swamp:4  | HP: 3/118 [spectral tyrant leech[a ghost crab] (19)]
  8325 | Swamp:4  | HP: 1/118 [spectral tyrant leech[a ghost crab] (2)]
  8340 | Swamp:4  | HP: 14/153 [five-headed hydra (4)]
  8353 | Swamp:4  | HP: 16/230 [16-headed hydra (8)]
  8354 | Swamp:4  | HP: 6/230 [ten-headed hydra (2)]
  8408 | Swamp:4  | Got an ancient dagger
  8448 | Swamp:4  | Identified the +7 dagger of the Horn {pierce, -Tele rN++} (You found it on level 4 of the Swamp)
  8480 | Swamp:4  | HP: 16/177 [shambling mangrove (10)]
  8529 | Swamp:4  | Got a decaying rune of Zot
  8638 | Swamp:2  | Reached skill level 12 in Charms
  8828 | Lair:3   | Got a scorched mace
  8829 | Lair:3   | Identified the +8 mace "Gnoll's Bane" {crush, SInv} (You found it on level 3 of the Lair of Beasts)
  8883 | Lair:3   | Reached XP level 16. HP: 125/125 MP: 21/31
  9094 | Lair:2   | Found a staircase to the Snake Pit.
  9127 | Snake:1  | Entered Level 1 of the Snake Pit
  9223 | Snake:2  | Learned a level 6 spell: Death Channel
  9271 | Snake:2  | Noticed a nagaraja
  9280 | Snake:2  | Killed a nagaraja
  9387 | Snake:3  | Found Nanof's Gadget Shoppe.
  9389 | Snake:3  | Found Fietijah's Jewellery Boutique.
  9390 | Snake:3  | Found Nisyigg's Gadget Shoppe.
  9468 | Snake:4  | Entered Level 4 of the Snake Pit
  9506 | Snake:4  | Reached skill level 11 in Armour
  9932 | Snake:4  | Reached skill level 11 in Short Blades
  9932 | Snake:4  | Reached skill level 11 in Long Blades
  9932 | Snake:4  | Reached skill level 11 in Maces & Flails
  9932 | Snake:4  | Reached skill level 11 in Polearms
  9932 | Snake:4  | Reached skill level 11 in Staves
  9932 | Snake:4  | Reached skill level 11 in Slings
  9932 | Snake:4  | Reached skill level 11 in Bows
  9932 | Snake:4  | Reached skill level 11 in Crossbows
  9932 | Snake:4  | Reached skill level 11 in Throwing
  9932 | Snake:4  | Reached skill level 11 in Stealth
  9932 | Snake:4  | Reached skill level 11 in Shields
  9932 | Snake:4  | Reached skill level 11 in Unarmed Combat
  9932 | Snake:4  | Reached skill level 11 in Conjurations
  9932 | Snake:4  | Reached skill level 11 in Hexes
  9932 | Snake:4  | Reached skill level 11 in Summonings
  9932 | Snake:4  | Reached skill level 11 in Necromancy
  9932 | Snake:4  | Reached skill level 11 in Translocations
  9932 | Snake:4  | Reached skill level 11 in Transmutations
  9932 | Snake:4  | Reached skill level 11 in Fire Magic
  9932 | Snake:4  | Reached skill level 11 in Ice Magic
  9932 | Snake:4  | Reached skill level 11 in Air Magic
  9932 | Snake:4  | Reached skill level 11 in Earth Magic
  9932 | Snake:4  | Reached skill level 11 in Poison Magic
  9932 | Snake:4  | Reached skill level 11 in Invocations
  9932 | Snake:4  | Reached skill level 11 in Evocations
  9936 | Snake:4  | Noticed a nagaraja
  9940 | Snake:4  | Noticed a nagaraja
  9944 | Snake:4  | HP: 12/127 [nagaraja/orb of energy (25)]
  9944 | Snake:4  | HP: 4/127 [nagaraja/whip (8)]
  9945 | Snake:4  | Killed a nagaraja
  9945 | Snake:4  | Reached skill level 12 in Spellcasting
  9946 | Snake:4  | Mangled by a salamander

Vault maps used:
D:1:      saegor_arrival_simple_d
D:2:      nicolae_overflow_crystal_walls, st_stairs_12
D:3:      kiku_gazebo_garden_becter, uniq_robin
D:4:      nemelex_xobeh_ov_fountains_minmay, first_bread, serial_shops, shop,
          enter_ossuary_4, item_on_display_a
D:5:      marbit_many_paths, eat_drink_and_be_merry_uskayaw, temple_doors_cd,
          uniq_grinder
D:6:      serial_shops, nicolae_shop_trees, grunt_decor_arrowhead,
          uniq_crazy_yiuf_cottage
D:8:      overflow_temple_1_default, due_lair_maze_entry_diamond, serial_shops,
          nicolae_shop_temple_entry_statues_fountains, uniq_grum, uniq_erica,
          uniq_psyche
D:9:      uniq_pikel
D:11:     hangedman_little_slice_of_home, grunt_decor_one_mirror
D:12:     orc_0_dummy, lab_entry_generic
D:13:     grunt_vaults_entry_tiered
Temple:   kb_temple_of_zot
Lair:1:   portal_ice_cave_entry_imps, serial_bayou_pond_b, serial_bayou_shore_a,
          infiniplex_staircase_pool_2, minmay_lair_oklob_chamber
Lair:2:   guppyfry_snake_entry_garden, beast_lair_carwin_1
Lair:3:   minmay_swamp_entry_swarm
Lair:4:   kilobyte_rumbling_trees
Lair:5:   slime_dummy, roderic_carrion_pond, grunt_megastairs_5, uniq_rupert
Lair:6:   evilmike_catoblepas_cave, serial_bayou_crossing
Swamp:1:  evilmike_swamp_ruin_house_5
Swamp:2:  hangedman_swamp_ruin_wall
Swamp:3:  cheibrodos_swamp_monstrosity, evilmike_swamp_ruin_house_3
Swamp:4:  swamp_alternative, swamp_pool2
Snake:1:  grunt_megastairs_4, serial_bayou_shore_b, serial_bayou_shore_b,
          uniq_roxanne
Snake:2:  basic_stair_grate_trap
Snake:3:  grunt_megastairs_3, minmay_shop_grove, uniq_donald
Snake:4:  snake_pit, grunt_ministairs_11
Orc:1:    nicolae_orc_lava_room, uniq_josephine
Orc:2:    grunt_orc_gardens, grunt_orc_garden, grunt_orc_garden,
          grunt_orc_garden, grunt_orc_garden, basic_altar
Lab:      labyrinth_watery, nicolae_lab_blocks, labyrinth_skeletal_remains,
          nicolae_lab_quarters, nicolae_lab_lava, nicolae_lab_big_swirl,
          lab_hedge, nicolae_lab_statue, nicolae_lab_garden
Ossuary:  ossuary_tomb_2
IceCv:    ice_cave_statue_garden_chambered

Skill      XL: |  1  2  3  4  5  6  7  8  9 10 11 12 13 14 15 16 |
---------------+-------------------------------------------------+-----
Short Blades   | 1 2 3 4 5 6 7 8 9 10 11 | 11.0
Long Blades    | 1 2 3 4 5 6 7 8 9 10 11 | 11.0
Maces & Flails | 1 2 3 4 5 6 7 8 9 10 11 | 11.0
Polearms       | 1 2 3 4 5 6 7 8 9 10 11 | 11.0
Staves         | 1 2 3 4 5 6 7 8 9 10 11 | 11.0
Slings         | 1 2 3 4 5 6 7 8 9 10 11 | 11.0
Bows           | 1 2 3 4 5 6 7 8 9 10 11 | 11.0
Crossbows      | 1 2 3 4 5 6 7 8 9 10 11 | 11.0
Throwing       | 1 2 3 4 5 6 7 8 9 10 11 | 11.0
Stealth        | 1 2 3 4 5 6 7 8 9 10 11 | 11.0
Shields        | 1 2 3 4 5 6 7 8 9 10 11 | 11.0
Unarmed Combat | 1 2 3 4 5 6 7 8 9 10 11 | 11.0
Spellcasting   | 5 6 7 8 9 10 11 12 | 12.0
Conjurations   | 1 2 3 4 5 6 7 8 9 10 11 | 11.0
Hexes          | 1 2 3 4 5 6 7 8 9 10 11 | 11.0
Summonings     | 1 2 3 4 5 6 7 8 9 10 11 | 11.0
Necromancy     | 1 2 3 4 5 6 7 8 9 10 11 | 11.0
Translocations | 1 2 3 4 5 6 7 8 9 10 11 | 11.0
Transmutations | 1 2 3 4 5 6 7 8 9 10 11 | 11.0
Fire Magic     | 1 2 3 4 5 6 7 8 9 10 11 | 11.0
Ice Magic      | 1 2 3 4 5 6 7 8 9 10 11 | 11.0
Air Magic      | 1 2 3 4 5 6 7 8 9 10 11 | 11.0
Earth Magic    | 1 2 3 4 5 6 7 8 9 10 11 | 11.0
Poison Magic   | 1 2 3 4 5 6 7 8 9 10 11 | 11.0
Invocations    | 1 2 3 4 5 6 7 8 9 10 11 | 11.0
Evocations     | 1 2 3 4 5 6 7 8 9 10 11 | 11.0
Armour         | 3 4 5 6 7 8 9 10 11 | 11.3
Fighting       | 5 6 7 8 9 10 11 | 11.8
Axes           | 5 6 7 8 9 10 11 | 11.8
Dodging        | 5 6 7 8 9 10 11 | 11.8
Charms         | 7 8 9 10 11 12 | 12.5

Action                   |  1- 3 |  4- 6 |  7- 9 | 10-12 | 13-15 | 16-18 || total
-------------------------+-------+-------+-------+-------+-------+-------++-------
Melee: Hand axe          |    48 |    88 |   217 |   306 |   742 |   260 ||  1661
       Bite              |     7 |     4 |    26 |    54 |   125 |    34 ||   250
       Punch             |       |     2 |     4 |       |       |       ||     6
       Morningstar       |       |       |       |       |    36 |       ||    36
       Unarmed           |       |       |       |       |    32 |       ||    32
       Dagger            |       |       |       |       |     6 |       ||     6
       Broad axe         |       |       |       |       |       |     4 ||     4
Throw: Tomahawk          |       |       |       |       |     2 |       ||     2
 Cast: Infusion          |     5 |       |       |       |       |       ||     5
       Regeneration      |     1 |     6 |     6 |     9 |    39 |     5 ||    66
       Spectral Weapon   |     1 |    14 |    23 |    46 |   102 |    24 ||   210
       Shroud of Golubri |       |     1 |     1 |     2 |       |       ||     4
       Song of Slaying   |       |       |     6 |     2 |     1 |     1 ||    10
       Animate Dead      |       |       |       |     1 |    14 |     5 ||    20
       Passage of Golubr |       |       |       |     3 |    14 |     3 ||    20
       Swiftness         |       |       |       |     1 |       |       ||     1
       Apportation       |       |       |       |       |    70 |     8 ||    78
       Animate Skeleton  |       |       |       |       |    20 |     4 ||    24
       Passwall          |       |       |       |       |     8 |     6 ||    14
       Statue Form       |       |       |       |       |     2 |     1 ||     3
       Control Undead    |       |       |       |       |     1 |       ||     1
Invok: Lesser Servant of |       |       |       |     2 |     4 |     2 ||     8
 Abil: Evoke Flight      |       |       |       |       |     2 |       ||     2
Evoke: Wand              |       |       |       |    29 |     9 |     4 ||    42
  Use: Potion            |       |     1 |       |     2 |    14 |     2 ||    19
       Scroll            |       |       |     9 |    10 |    28 |     3 ||    50
 Stab: Sleeping          |     2 |       |     2 |     5 |     7 |       ||    16
       Distracted        |       |     2 |     2 |     3 |    22 |    11 ||    40
       Paralysed         |       |       |       |    62 |     6 |       ||    68
       Petrified         |       |       |       |       |     3 |       ||     3
       Petrifying        |       |       |       |       |     1 |       ||     1
  Eat: Chunk             |       |     2 |     1 |     7 |     7 |       ||    17
       Meat ration       |       |       |     1 |       |     1 |     1 ||     3
       Fruit             |       |       |       |     2 |     6 |     1 ||     9
       Royal jelly       |       |       |       |     2 |     2 |     1 ||     5
       Bread ration      |       |       |       |       |     2 |       ||     2
Armor: Leather armour    |     5 |    18 |    64 |     2 |       |       ||    89
       Skin              |       |     2 |       |       |   116 |       ||   118
       Troll leather arm |       |       |       |    28 |   134 |    28 ||   190
Dodge: Dodged            |    34 |    55 |   154 |   144 |   725 |   215 ||  1327
Block: Buckler           |       |       |     5 |     2 |       |       ||     7
       Shield            |       |       |       |   143 |   474 |   156 ||   773

Table legend:
 A = Spawn XP
 B = Non-spawn XP
 C = Spawn XP percentage of total XP
 D = Spawn monster count
 E = Non-spawn monster count
 F = Spawn count percentage of total count
 G = Total turns spent on level
                    A         B        C        D         E        F      G
               +---------+---------+-------+---------+---------+-------+---------
         Total |       0 |  181260 |   0.0 |       0 |     737 |   0.0 |  9946
               +---------+---------+-------+---------+---------+-------+---------
           D:1 |       0 |      78 |   0.0 |       0 |      24 |   0.0 |   381
           D:2 |       0 |     131 |   0.0 |       0 |      22 |   0.0 |   275
           D:3 |       0 |     301 |   0.0 |       0 |      27 |   0.0 |   370
           D:4 |       0 |     568 |   0.0 |       0 |      27 |   0.0 |   277
           D:5 |       0 |      43 |   0.0 |       0 |       3 |   0.0 |   132
           D:6 |       0 |     190 |   0.0 |       0 |      11 |   0.0 |   379
           D:7 |       0 |     897 |   0.0 |       0 |      24 |   0.0 |   285
           D:8 |       0 |    5479 |   0.0 |       0 |      26 |   0.0 |   278
           D:9 |       0 |    1138 |   0.0 |       0 |       7 |   0.0 |   160
          D:10 |       0 |    2737 |   0.0 |       0 |      20 |   0.0 |   352
          D:11 |       0 |    1510 |   0.0 |       0 |      13 |   0.0 |   208
          D:12 |       0 |    2322 |   0.0 |       0 |      16 |   0.0 |   285
          D:13 |       0 |    1090 |   0.0 |       0 |       2 |   0.0 |    36
        Lair:1 |       0 |    4654 |   0.0 |       0 |      38 |   0.0 |   412
        Lair:2 |       0 |    5479 |   0.0 |       0 |      33 |   0.0 |   467
        Lair:3 |       0 |    9122 |   0.0 |       0 |      27 |   0.0 |   440
        Lair:4 |       0 |    7487 |   0.0 |       0 |      36 |   0.0 |   430
        Lair:5 |       0 |    2877 |   0.0 |       0 |      13 |   0.0 |   193
        Lair:6 |       0 |   16233 |   0.0 |       0 |      46 |   0.0 |   686
       Swamp:1 |       0 |    9619 |   0.0 |       0 |      20 |   0.0 |   266
       Swamp:2 |       0 |   11571 |   0.0 |       0 |      23 |   0.0 |   390
       Swamp:3 |       0 |    8262 |   0.0 |       0 |      17 |   0.0 |   339
       Swamp:4 |       0 |   22782 |   0.0 |       0 |      46 |   0.0 |   505
       Snake:1 |       0 |    2450 |   0.0 |       0 |       6 |   0.0 |    65
       Snake:2 |       0 |    8216 |   0.0 |       0 |      11 |   0.0 |   144
       Snake:3 |       0 |    7932 |   0.0 |       0 |      18 |   0.0 |   168
       Snake:4 |       0 |   27372 |   0.0 |       0 |      57 |   0.0 |   442
         Orc:1 |       0 |    3982 |   0.0 |       0 |      28 |   0.0 |   337
         Orc:2 |       0 |   10939 |   0.0 |       0 |      54 |   0.0 |   668
           Lab |       0 |    2158 |   0.0 |       0 |       4 |   0.0 |   151
       Ossuary |       0 |     360 |   0.0 |       0 |      27 |   0.0 |   187
         IceCv |       0 |    3281 |   0.0 |       0 |      11 |   0.0 |   229
               +---------+---------+-------+---------+---------+-------+---------

Table legend:
 A = Turns spent in this place as a percentage of turns spent in the entire game.
 B = Non-inter-level travel turns spent in this place as a percentage of non-inter-level travel turns spent in the entire game.
 C = Inter-level travel turns spent in this place as a percentage of turns spent in this place.
 D = Turns resting spent in this place as a percentage of non-inter-level travel turns spent in this place.
 E = Turns spent auto-exploring this place as a percentage of non-inter-level travel turns spent in this place.
 F = Non-inter-level travel turns spent in this place divided by the number of levels of this place that you've seen.
                   A       B       C       D       E      F
               +-------+-------+-------+-------+-------+----------------------
         Total | 100.0 | 100.0 |   0.5 |   0.0 |   0.0 | 299.9
       Dungeon |  34.4 |  34.2 |   0.8 |   0.0 |   0.0 | 260.7
        Temple |   0.1 |   0.1 |   0.0 |   0.0 |   0.0 |   9.0
          Lair |  26.4 |  26.6 |   0.0 |   0.1 |   0.0 | 438.0
         Swamp |  15.1 |  15.2 |   0.0 |   0.0 |   0.0 | 375.0
     Snake Pit |   8.2 |   8.3 |   0.0 |   0.0 |   0.0 | 204.8
  Orcish Mines |  10.1 |  10.0 |   2.0 |   0.0 |   0.0 | 492.5
     Labyrinth |   1.5 |   1.5 |   0.0 |   0.0 |   0.0 | 151.0
       Ossuary |   1.9 |   1.9 |   0.0 |   0.0 |   0.0 | 187.0
      Ice Cave |   2.3 |   2.3 |   0.0 |   0.0 |   0.0 | 229.0
               +-------+-------+-------+-------+-------+----------------------

Table legend:
 A = Kills in this place as a percentage of kills in entire the game.
 B = Kills by you in this place as a percentage of kills by you in the entire game.
 C = Kills by friends in this place as a percentage of kills by friends in the entire game.
 D = Other kills in this place as a percentage of other kills in the entire game.
 E = Experience gained in this place as a percentage of experience gained in the entire game.
 F = Experience gained in this place divided by the number of levels of this place that you have seen.
                   A       B       C       D       E      F
               +-------+-------+-------+-------+-------+----------------------
         Total | 100.0 | 100.0 | 100.0 | 100.0 | 100.0 | 5492.7
       Dungeon |  30.1 |  31.7 |   3.0 |   0.0 |   9.1 | 1268.0
          Lair |  26.2 |  25.3 |  51.5 |   0.0 |  25.3 | 7642.0
         Swamp |  14.4 |  14.2 |   9.1 |  57.1 |  28.8 | 13058.5
     Snake Pit |  12.5 |  12.2 |  18.2 |  14.3 |  25.4 | 11492.5
  Orcish Mines |  11.1 |  10.6 |  18.2 |  28.6 |   8.2 | 7460.5
     Labyrinth |   0.5 |   0.6 |   0.0 |   0.0 |   1.2 | 2158.0
       Ossuary |   3.7 |   3.9 |   0.0 |   0.0 |   0.2 | 360.0
      Ice Cave |   1.5 |   1.6 |   0.0 |   0.0 |   1.8 | 3281.0
               +-------+-------+-------+-------+-------+----------------------

Vault maps used:
D:1:      saegor_arrival_simple_d
D:2:      nicolae_overflow_crystal_walls, st_stairs_12
D:3:      kiku_gazebo_garden_becter, uniq_robin
D:4:      nemelex_xobeh_ov_fountains_minmay, first_bread, serial_shops, shop,
          enter_ossuary_4, item_on_display_a
D:5:      marbit_many_paths, eat_drink_and_be_merry_uskayaw, temple_doors_cd,
          uniq_grinder
D:6:      serial_shops, nicolae_shop_trees, grunt_decor_arrowhead,
          uniq_crazy_yiuf_cottage
D:8:      overflow_temple_1_default, due_lair_maze_entry_diamond, serial_shops,
          nicolae_shop_temple_entry_statues_fountains, uniq_grum, uniq_erica,
          uniq_psyche
D:9:      uniq_pikel
D:11:     hangedman_little_slice_of_home, grunt_decor_one_mirror
D:12:     orc_0_dummy, lab_entry_generic
D:13:     grunt_vaults_entry_tiered
Temple:   kb_temple_of_zot
Lair:1:   portal_ice_cave_entry_imps, serial_bayou_pond_b, serial_bayou_shore_a,
          infiniplex_staircase_pool_2, minmay_lair_oklob_chamber
Lair:2:   guppyfry_snake_entry_garden, beast_lair_carwin_1
Lair:3:   minmay_swamp_entry_swarm
Lair:4:   kilobyte_rumbling_trees
Lair:5:   slime_dummy, roderic_carrion_pond, grunt_megastairs_5, uniq_rupert
Lair:6:   evilmike_catoblepas_cave, serial_bayou_crossing
Swamp:1:  evilmike_swamp_ruin_house_5
Swamp:2:  hangedman_swamp_ruin_wall
Swamp:3:  cheibrodos_swamp_monstrosity, evilmike_swamp_ruin_house_3
Swamp:4:  swamp_alternative, swamp_pool2
Snake:1:  grunt_megastairs_4, serial_bayou_shore_b, serial_bayou_shore_b,
          uniq_roxanne
Snake:2:  basic_stair_grate_trap
Snake:3:  grunt_megastairs_3, minmay_shop_grove, uniq_donald
Snake:4:  snake_pit, grunt_ministairs_11
Orc:1:    nicolae_orc_lava_room, uniq_josephine
Orc:2:    grunt_orc_gardens, grunt_orc_garden, grunt_orc_garden,
          grunt_orc_garden, grunt_orc_garden, basic_altar
Lab:      labyrinth_watery, nicolae_lab_blocks, labyrinth_skeletal_remains,
          nicolae_lab_quarters, nicolae_lab_lava, nicolae_lab_big_swirl,
          lab_hedge, nicolae_lab_statue, nicolae_lab_garden
Ossuary:  ossuary_tomb_2
IceCv:    ice_cave_statue_garden_chambered
